 Dungeon Crawl Stone Soup version 0.23.2-33-g5129a83184 (webtiles) character file.

Game seed: 18212590337057989134

25 Ivernyr the Caller (level 2, -1/20 HPs)
             Began as a Draconian Summoner on July 4, 2019.
             Slain by a goblin
             ... wielding a +0 dagger
             ... led by Robin
              (9 damage)
             ... on level 2 of the Dungeon.
             The game lasted 00:04:54 (1282 turns).

Ivernyr the Caller (Draconian Summoner)             Turns: 1282, Time: 00:04:54

Health: -1/20      AC:  5    Str: 10    XL:     2   Next: 82%
Magic:  5/5        EV: 12    Int: 15    God:
Gold:   102        SH:  0    Dex: 11    Spells: 3/6 levels left

rFire    . . .     SeeInvis .   c - +0 trident
rCold    . . .     Gourm    .   (no shield)
rNeg     . . .     Faith    .   (armour unavailable)
rPois    .         Spirit   .   (helmet restricted)
rElec    .         Reflect  .   (no cloak)
rCorr    .         Harm     .   a - +0 pair of gloves
MR       .....                  (no boots)
Stlth    ++........             (no amulet)
HPRegen  0.06/turn              (no ring)
MPRegen  0.09/turn              (no ring)

@: no status effects
A: unfitting armour, cold-blooded, AC +4
a: no special abilities


You were on level 2 of the Dungeon.
You were hungry.

You visited 1 branch of the dungeon, and saw 2 of its levels.

You collected 102 gold pieces.

Inventory:

Hand Weapons
 c - a +0 trident (weapon)
Armour
 a - a +0 pair of gloves (worn)
Scrolls
 d - a scroll of fog {unknown}
 e - 2 scrolls of identify {unknown}
 h - a scroll of remove curse {unknown}
Potions
 f - a potion of haste {unknown}
 g - a potion of brilliance {unknown}
Comestibles
 b - 2 rations


   Skills:
 + Level 2.2 Dodging
 - Level 1.7 Stealth
 * Level 2.5 Spellcasting
 + Level 4.2 Summonings


You had 3 spell levels left.
You knew the following spells:

 Your Spells              Type           Power        Failure   Level  Hunger
a - Summon Small Mammal   Summ           ##..         3%          1    #......
b - Call Imp              Summ           ##......     5%          2    ###....

Your spell library contained the following spells:

 Spells                   Type           Power        Failure   Level  Hunger
 Call Canine Familiar     Summ           ##......     11%         3    ###....
 Summon Guardian Golem    Hex/Summ       #.......     26%         3    ###....
 Summon Ice Beast         Ice/Summ       #.......     65%         4    #####..
 Summon Lightning Spire   Summ/Air       #.......     65%         4    #####..


Dungeon Overview and Level Annotations

Branches:
Dungeon (2/15)

Altars:

Annotations:
D:2 Robin


Innate Abilities, Weirdness & Mutations

Your plain brown scales are hard. (AC +4)
You cannot fit into any form of body armour.
You are cold-blooded and may be slowed by cold attacks.


Message History

Magic restored.
You start resting.
Your crimson imp blinks!
Your crimson imp disappears in a puff of smoke!
You are feeling hungry.
There is a stone staircase leading down, spattered with blood here.
You start resting.
HP restored.
You climb downwards.
Level annotation: Robin The hobgoblin misses you.
The goblin barely misses you. The hobgoblin hits you with a +0 club.
The goblin hits you. The goblin misses you.
The goblin hits you but does no damage. The hobgoblin hits you with a +0 club.
There is a stone staircase leading up, spattered with blood here.
Robin roars a battlecry!
The goblins go into a battle-frenzy!
The goblin hits you but does no damage. The hobgoblin barely misses you.
The goblin closely misses you. The goblin hits you with a +0 dagger!
You die...

### #...# ..# #...# ..#
#...# ..# ######...# ..#
#........# $. ..####
#...[....# .#
.....########)......## .#
...#.##.....#..g.g..# .#
..>#.##.....#...@g..###.#
...#..'....(#..ggg......###
...####...................#
##.# #......######.......#
)#.#######...# #..g.....%..
<....# #...# #..g.....###
†....... #...^. ..........#
.....###
#........#.##<......
.#....#
#........#.##.......#


You could see Robin, 3 hobgoblins and 4 goblins.

Vanquished Creatures
  4 bats (D:1)
  A giant cockroach (D:1)
  A goblin (D:1)
  A hobgoblin (D:2)
  3 jackals (D:2)
  3 frilled lizards (D:1)
  A kobold (D:1)
  A rat (D:1)
15 creatures vanquished.

Vanquished Creatures (collateral kills)
  An adder (D:2)
  2 goblins (D:1)
  2 hobgoblins (D:1)
  A quokka (D:2)
  A rat (D:2)
7 creatures vanquished.

Grand Total: 22 creatures vanquished

Notes
Turn   | Place    | Note
-------+----------+-------------------------------------------
     0 | D:1      | Ivernyr the Draconian Summoner began the quest for the Orb.
     0 | D:1      | Reached XP level 1. HP: 14/14 MP: 3/3
   393 | D:1      | Reached XP level 2. HP: 19/20 MP: 5/5
   397 | D:1      | Learned a level 2 spell: Call Imp
  1148 | D:2      | Identified the +1 helmet of Polish {rC+ MR+}
  1148 | D:2      | Noticed Robin
  1282 | D:2      | Slain by a goblin

Skill      XL: |  1 |
---------------+----+-----
Dodging        | 2 |  2.2
Stealth        | |  1.7
Spellcasting   | |  2.5
Summonings     | |  4.2

Action                   || total
-------------------------++-------
Melee: Unarmed           ||    35
       Tailslap          ||     6
       Spear             ||    27
       Trident           ||     3
 Cast: Summon Small Mamm ||     6
       Call Imp          ||     5
 Stab: Sleeping          ||     2
  Eat: Chunk             ||     1
Armor: Skin              ||    39
Dodge: Dodged            ||    73
